 Dungeon Crawl Stone Soup version 0.21-a0-440-g28109cb (webtiles) character file.

56 AverageBear the Cutter (level 3, -3/22 HPs)
             Began as a Deep Elf Fighter on Nov 11, 2017.
             Slain by a gnoll (5 damage)
             ... on level 2 of the Dungeon.
             The game lasted 00:01:02 (906 turns).

AverageBear the Cutter (Deep Elf Fighter)            Turns: 906, Time: 00:01:03

Health: -3/22      AC:  7    Str: 14    XL:     3   Next: 69%
Magic:  5/5        EV:  6    Int: 17    God:
Gold:   33         SH:  8    Dex: 14    Spells: 2/2 levels left

rFire    . . .     SeeInvis .   a - +0 rapier
rCold    . . .     Gourm    .   c - +0 shield
rNeg     . . .     Faith    .   b - +0 scale mail
rPois    .         Spirit   .   g - +0 helmet
rElec    .         Reflect  .   (no cloak)
rCorr    +         Harm     .   (no gloves)
MR       .....                  (no boots)
Stlth    ..........             (no amulet)
HPRegen  0.07/turn              k - ring of resist corrosion
MPRegen  0.09/turn              (no ring)

@: brilliant, lethally poisoned (-3 -> -15)
A: no striking features
a: no special abilities


You were on level 2 of the Dungeon.
You were not hungry.

You visited 1 branch of the dungeon, and saw 2 of its levels.

You collected 33 gold pieces.

Inventory:

Hand Weapons
 a - a +0 rapier (weapon)
Armour
 b - a +0 scale mail (worn)
 c - a +0 shield (worn)
 g - a +0 helmet (worn)
Jewellery
 k - a ring of resist corrosion (left hand)
Scrolls
 e - 2 scrolls of teleportation
Potions
 d - a potion of might
 i - 2 potions of curing
Comestibles
 f - a bread ration
 h - a royal jelly
 j - 2 chunks of flesh


   Skills:
 - Level 2.4 Fighting
 + Level 4.1 Short Blades
 - Level 2.4 Armour
 - Level 2.4 Shields


You had 2 spell levels left.
You didn't know any spells.

Dungeon Overview and Level Annotations

Branches:
Dungeon (2/15)

Altars:


Message History

The gnoll moves out of view.
You block the worm's attack.
You hit the worm.
You kill the worm!
A gnoll comes into view. It is wielding a spear of venom.
The gnoll shouts!
You see here a club.
The gnoll hits you!
* * * LOW HITPOINT WARNING * * *
You block the gnoll's attack.
You see here a club.
You recover from your berserk rage.
You see here a whip.
It was a potion of brilliance.
You feel clever all of a sudden. You block the gnoll's attack.
Your shield and scale mail prevent you from hitting the gnoll.
The gnoll hits you but does no damage.
You are lethally poisoned!
The gnoll hits you.
You die...

#.# #................
#.#######.#####.#########
#.....>................
#####..####.#.#.#############
# #..####.#<#(#####.......#.#
#...........÷...+[.?....'..
#.#####.......###.......#
#.###############.†.....##.
#..........@gg..).g........
###########################


You could see 2 gnolls and a hobgoblin (wandering).

Vanquished Creatures
  A gnoll (D:2)
  2 worms (D:2)
  3 dart slugs
  A leopard gecko (D:1)
  4 bats
  9 goblins
  2 hobgoblins
  5 frilled lizards (D:1)
  3 kobolds
  3 rats
33 creatures vanquished.

Notes
Turn   | Place    | Note
-------+----------+-------------------------------------------
     0 | D:1      | AverageBear the Deep Elf Fighter began the quest for the Orb.
     0 | D:1      | Reached XP level 1. HP: 13/13 MP: 3/3
   115 | D:1      | Reached XP level 2. HP: 14/18 MP: 4/4
   216 | D:1      | Reached skill level 3 in Short Blades
   782 | D:2      | Reached XP level 3. HP: 22/22 MP: 5/5
   871 | D:2      | Reached skill level 4 in Short Blades
   906 | D:2      | Slain by a gnoll

Vault maps used:
D:1:      minmay_arrival_shattered_statue, roderic_st_hans_cross
D:2:      amethyst_overflow_temple_binary

Skill      XL: |  1  2  3 |
---------------+----------+-----
Short Blades   | 3 4 |  4.1
Fighting       | |  2.4
Armour         | |  2.4
Shields        | |  2.4

Action                   || total
-------------------------++-------
Melee: Rapier            ||   105
  Use: Scroll            ||     3
       Potion            ||     2
Armor: Scale mail        ||    55
Dodge: Dodged            ||    26
Block: Shield            ||    53

Table legend:
 A = Spawn XP
 B = Non-spawn XP
 C = Spawn XP percentage of total XP
 D = Spawn monster count
 E = Non-spawn monster count
 F = Spawn count percentage of total count
 G = Total turns spent on level
                    A         B        C        D         E        F      G
               +---------+---------+-------+---------+---------+-------+---------
         Total |       0 |      80 |   0.0 |       0 |      33 |   0.0 |   906
               +---------+---------+-------+---------+---------+-------+---------
           D:1 |       0 |      39 |   0.0 |       0 |      21 |   0.0 |   776
           D:2 |       0 |      41 |   0.0 |       0 |      12 |   0.0 |   130
               +---------+---------+-------+---------+---------+-------+---------
